 Dungeon Crawl Stone Soup version 0.28-a0-474-g535839065c (webtiles) character file.

Game seed: 159368766331332856

65 meatgazer the Chopper (level 4, -6/38 HPs)
             Began as a Gnoll Wanderer on Sept 15, 2021.
             Was a Plaything of Xom.
             Mangled by Terence (11 damage)
             ... on level 2 of the Dungeon.
             The game lasted 00:01:55 (1151 turns).

meatgazer the Chopper (Gnoll Wanderer)              Turns: 1151, Time: 00:01:57

Health: -6/38      AC:  5    Str: 14    XL:     4   Next: 13%
Magic:  8/8        EV: 10    Int: 10    God:    Xom [..*...]
Gold:   72         SH:  0    Dex: 11    Spells: 8/8 levels left

rFire   . . .      SeeInvis .   a - +2 hand axe
rCold   . . .      Faith    +   (no shield)
rNeg    . . .      Spirit   .   b - +0 ring mail
rPois   .          Reflect  .   (no helmet)
rElec   .          Harm     .   (no cloak)
rCorr   .          Rampage  .   (no gloves)
Will    .....                   (no boots)
Stlth   +.........              e - amulet of faith
HPRegen 0.12/turn               (no ring)
MPRegen 0.11/turn               (no ring)

@: mighty
A: fangs 1, strong nose, distributed training
a: Renounce Religion


You were on level 2 of the Dungeon.
You worshipped Xom.
You were a toy of Xom.
You visited 1 branch of the dungeon, and saw 2 of its levels.

You collected 72 gold pieces.

Inventory:

Hand Weapons
 a - a +2 hand axe (weapon)
Armour
 b - a +0 ring mail (worn)
Jewellery
 e - an amulet of faith (around neck)
Scrolls
 d - a scroll of teleportation {unknown}
Potions
 c - a potion of curing {unknown}
 f - a potion of heal wounds {unknown}


   Skills:
 + Level 4.6 Fighting
 + Level 1.0 Short Blades
 + Level 1.0 Long Blades
 + Level 6.6 Axes
 + Level 1.0 Maces & Flails
 + Level 1.0 Polearms
 + Level 1.0 Staves
 + Level 1.0 Slings
 + Level 1.0 Bows
 + Level 1.0 Crossbows
 + Level 2.7 Throwing
 + Level 1.0 Armour
 + Level 1.0 Dodging
 + Level 1.0 Stealth
 + Level 1.0 Shields
 + Level 1.0 Unarmed Combat
 + Level 2.9 Spellcasting
 + Level 0.8 Conjurations
 + Level 3.8 Hexes
 + Level 0.8 Summonings
 + Level 0.8 Necromancy
 + Level 0.8 Translocations
 + Level 0.8 Transmutations
 + Level 0.8 Fire Magic
 + Level 0.8 Ice Magic
 + Level 0.8 Air Magic
 + Level 0.8 Earth Magic
 + Level 0.8 Poison Magic
 + Level 1.1 Invocations
 + Level 2.7 Evocations


You had 8 spell levels left.
You didn't know any spells.
Your spell library was empty.

Dungeon Overview and Level Annotations

Branches:
Dungeon (2/15)

Altars:
Xom

Annotations:
D:2 Terence


Innate Abilities, Weirdness & Mutations

You have very sharp teeth.
Your uncanny sense of smell can sniff out nearby items.
Your experience applies equally to all skills.


Message History

You kill Natasha!
Natasha growls in agony!
Your Short Blades skill increases to level 1!
Your Long Blades skill increases to level 1!
Your Maces & Flails skill increases to level 1!
Your Polearms skill increases to level 1!
Your Staves skill increases to level 1!
Your Slings skill increases to level 1!
Your Bows skill increases to level 1!
Your Crossbows skill increases to level 1!
Your Armour skill increases to level 1!
Your Dodging skill increases to level 1!
Your Stealth skill increases to level 1!
Your Shields skill increases to level 1!
Your Unarmed Combat skill increases to level 1!
You have reached level 4!
You feel stronger.
You hit Terence but do no damage. Terence hits you with a +0 flail!
You hit Terence.
Terence is moderately wounded.
Terence hits you with a +0 flail.
You closely miss Terence.
Terence is moderately wounded.
Terence drinks a potion.
Terence goes berserk!
You barely miss Terence.
Terence is moderately wounded.
Terence hits you with a +0 flail.
Okay, then.
You hit Terence.
Terence is moderately wounded.
Terence hits you with a +0 flail!
* * * LOW HITPOINT WARNING * * *
Terence hits you with a +0 flail.
* * * LOW HITPOINT WARNING * * *
You closely miss Terence.
Terence is moderately wounded. "Go forth and cause havoc, mortal!"
You feel mightier all of a sudden. Terence hits you with a +0 flail!
You die...
Xom is highly amused!

#.# #####.# ##
#...#.######## .#
#...#.#.......
.##########...#.#.......
.##....#......#.#..$....
.##....#.....##.#†......
.............'..@@......
[......#.....##.#...!...
.......#######..#.######
.......# #..#.#
......... #.##.#
######.... .. .# #....#
.#. ## #....# ...


You could see Terence (berserk).

Vanquished Creatures
  Natasha (D:2)
  2 dart slugs (D:1)
  3 endoplasms
  3 giant cockroaches (D:1)
  6 goblins
  6 hobgoblins
  3 kobolds (D:1)
  2 ball pythons
  4 bats
  A frilled lizard (D:1)
  2 rats (D:1)
33 creatures vanquished.

Vanquished Creatures (others)
  A withered plant (D:1)
1 creature vanquished.

Grand Total: 34 creatures vanquished

Notes
Turn   | Place    | Note
-------+----------+-------------------------------------------
     0 | D:1      | meatgazer the Gnoll Wanderer began the quest for the Orb.
     0 | D:1      | meatgazer set off with the following items: a +2 hand axe,
                  | a +0 ring mail
     0 | D:1      | Reached XP level 1. HP: 20/20 MP: 4/4
   188 | D:1      | Reached XP level 2. HP: 26/26 MP: 5/5
   552 | D:1      | Reached XP level 3. HP: 30/31 MP: 7/7
   801 | D:1      | Found a faded altar of an unknown god.
   811 | D:1      | Became a worshipper of Xom the Fickle
   877 | D:1      | XOM: divination: magic mapping
   893 | D:1      | XOM: divination: detect creatures
  1089 | D:2      | Reached skill level 1 in Invocations
  1141 | D:2      | Noticed Natasha
  1141 | D:2      | XOM: potion effect (might)
  1141 | D:2      | Noticed Terence
  1145 | D:2      | Killed Natasha
  1146 | D:2      | Reached skill level 1 in Short Blades
  1146 | D:2      | Reached skill level 1 in Long Blades
  1146 | D:2      | Reached skill level 1 in Maces & Flails
  1146 | D:2      | Reached skill level 1 in Polearms
  1146 | D:2      | Reached skill level 1 in Staves
  1146 | D:2      | Reached skill level 1 in Slings
  1146 | D:2      | Reached skill level 1 in Bows
  1146 | D:2      | Reached skill level 1 in Crossbows
  1146 | D:2      | Reached skill level 1 in Armour
  1146 | D:2      | Reached skill level 1 in Dodging
  1146 | D:2      | Reached skill level 1 in Stealth
  1146 | D:2      | Reached skill level 1 in Shields
  1146 | D:2      | Reached skill level 1 in Unarmed Combat
  1146 | D:2      | Reached XP level 4. HP: 38/38 MP: 8/8
  1151 | D:2      | XOM: potion effect (might)
  1151 | D:2      | Mangled by Terence

Illustrated notes

Levels and vault maps discovered:
D:1:      wander_arrival_desolate, layout_loops_corners,
          ebering_ecumenical_altar_petrified, chequers_serial_rivers_room_b,
          minmay_surrounded
D:2:      layout_basic, basic_altar, uniq_terence, uniq_natasha

Skill      XL: |  1  2  3 |
---------------+----------+-----
Invocations    | 1 |  1.1
Short Blades   | 1 |  1.0
Long Blades    | 1 |  1.0
Maces & Flails | 1 |  1.0
Polearms       | 1 |  1.0
Staves         | 1 |  1.0
Slings         | 1 |  1.0
Bows           | 1 |  1.0
Crossbows      | 1 |  1.0
Armour         | 1 |  1.0
Dodging        | 1 |  1.0
Stealth        | 1 |  1.0
Shields        | 1 |  1.0
Unarmed Combat | 1 |  1.0
Fighting       | |  4.6
Axes           | |  6.6
Throwing       | |  2.7
Spellcasting   | |  2.9
Conjurations   | |  0.8
Hexes          | |  3.8
Summonings     | |  0.8
Necromancy     | |  0.8
Translocations | |  0.8
Transmutations | |  0.8
Fire Magic     | |  0.8
Ice Magic      | |  0.8
Air Magic      | |  0.8
Earth Magic    | |  0.8
Poison Magic   | |  0.8
Evocations     | |  2.7

Action                   |  1- 3 |  4- 6 || total
-------------------------+-------+-------++-------
Melee: Hand axe          |    98 |     6 ||   104
       Bite              |     9 |       ||     9
Armor: Ring mail         |    35 |       ||    35
Dodge: Dodged            |    40 |       ||    40

Table legend: (Time is in decaauts)
 A = Elapsed time spent in this place.
 B = Non-inter-level travel time spent in this place.
 C = Inter-level travel time spent in this place.
 D = Time resting spent in this place.
 E = Time spent auto-exploring this place.
 F = Levels seen in this place.
 G = Mean time per level.
                   A        B        C        D        E       F      G
               +--------+--------+--------+--------+--------+-----+--------+
         Total |   1148 |   1114 |     34 |      0 |    910 |   2 |  574.0 |
       Dungeon |   1148 |   1114 |     34 |      0 |    910 |   2 |  574.0 |
               +--------+--------+--------+--------+--------+-----+--------+

Top non-repeatable levels by time:
     D:1: 1022 daAuts
     D:2: 125 daAuts
